 Dungeon Crawl Stone Soup version 0.26-a0-1020-ge47f559bc5 (webtiles) character file.

Game seed: 9565016808339580041

203 Raspiflausch64 the Cudgeller (level 5, -6/47 HPs)
             Began as a Troll Berserker on Dec 8, 2020.
             Was a Believer of Trog.
             Mangled by Ijyb
             ... wielding a +2 dagger of electrocution
              (14 damage)
             ... on level 3 of the Dungeon.
             The game lasted 00:14:19 (2376 turns).

Raspiflausch64 the Cudgeller (Troll Berserker)      Turns: 2376, Time: 00:14:20

Health: -6/47      AC:  6    Str: 25    XL:     5   Next: 51%
Magic:  4/4        EV: 11    Int:  4    God:    Trog [**....]
Gold:   71         SH:  0    Dex:  9    Spells: 4/4 levels left

rFire    . . .     SeeInvis .   p - +2 mace (holy)
rCold    . . .     Faith    .   (no shield)
rNeg     . . .     Spirit   .   b - +0 animal skin
rPois    .         Reflect  .   (helmet restricted)
rElec    .         Harm     .   (no cloak)
rCorr    .         Rampage  .   (gloves unavailable)
Will     .....     Rnd*Rage +   (boots unavailable)
Stlth    +.........             (no amulet)
HPRegen  0.55/turn              (no ring)
MPRegen  0.09/turn              (no ring)

@: brilliant, lethally poisoned (-6 -> -6), berserk cooldown, slowed, very slow
A: large, unfitting armour, claws 3, berserk 1, frail 1, mutation resistance 1,
regeneration 1, shaggy fur 1, tough skin 3
a: Berserk, Trog's Hand, Renounce Religion


You were on level 3 of the Dungeon.
You worshipped Trog.
Trog was pleased with you.
You visited 1 branch of the dungeon, and saw 4 of its levels.

You collected 71 gold pieces.

Inventory:

Hand Weapons
 a - a +0 mace
 p - a +2 mace of holy wrath (weapon)
Armour
 b - a +0 animal skin (worn)
Scrolls
 c - 2 scrolls of identify
 g - a scroll of fog {unknown}
 j - 3 scrolls of immolation {unknown}
 n - a scroll of enchant weapon {unknown}
 r - a scroll of magic mapping {unknown}
Potions
 e - a potion of heal wounds
 l - 2 potions of lignification
 o - a potion of degeneration {unknown}
 s - a potion of flight {unknown}


   Skills:
 + Level 3.2 Fighting
 + Level 4.4 Maces & Flails
 + Level 3.4 Dodging
 + Level 0.1 Stealth


You had 4 spell levels left.
You didn't know any spells.
Your spell library was empty.

Dungeon Overview and Level Annotations

Branches:
Dungeon (4/15)
 Temple: D:4-7

Altars:
Cheibriados
Makhleb
Okawaru
Qazlal
Ru
Trog
Yredelemnul
The Shining One

Annotations:
D:3 Ijyb
D:4 Sigmund


Innate Abilities, Weirdness & Mutations

You are too large for most types of armour.
You have claws for hands.
Your natural rate of healing is unusually fast.
You are covered in fur. (AC +1)
You have extremely tough skin. (AC +3)
You tend to lose your temper in combat.
You are frail. (-10% HP)
You are somewhat resistant to further mutation.


Message History

Ijyb is moderately wounded.
Your skin stops crawling.
You feel less strong-willed. Something hits you but does no damage.
Ijyb hits you with a +2 dagger of electrocution.
* * * LOW HITPOINT WARNING * * *
You hear some strange, mumbled words.
A magic dart appears from out of thin air!
The magic dart hits you.
* * * LOW HITPOINT WARNING * * *
Ijyb completely misses you.
You closely miss Ijyb.
Ijyb is moderately wounded.
You feel sick.
An orc wizard appears from thin air!
Reactivating autopickup.
The orc wizard barely misses you. Ijyb closely misses you.
The orc wizard casts a spell.
The orc wizard flickers and vanishes!
Deactivating autopickup; reactivate with Ctrl-A.
Ijyb hits you but does no damage.
You are electrocuted!
You die...

###### ##≈≈≈.## ####
##≈≈≈≈≈.##
...############_≈≈.≈≈..#
....##........##†≈≈≈≈..#
.....#.........g@≈≈≈...#
.....#.......>.#{.....##
.....#.........########
....##.........#
....##.........#
...............#
.....#.........#
.....#.........#
....#######..#########


You could see Ijyb.

Vanquished Creatures
  A scorpion (D:2)
  Terence (D:3)
  3 gnolls (D:3)
  3 adders
  3 worms
  3 dart slugs
  2 leopard geckos (D:3)
  4 orcs
  A ball python (D:2)
  2 giant cockroaches
  8 goblins
  11 hobgoblins
  3 jackals (D:4)
  3 bats
  A frilled lizard (D:2)
  10 kobolds
  A rat (D:3)
60 creatures vanquished.

Notes
Turn   | Place    | Note
-------+----------+-------------------------------------------
     0 | D:1      | Raspiflausch64 the Troll Berserker began the quest for the
                  | Orb.
     0 | D:1      | Reached XP level 1. HP: 22/22 MP: 0/0
   233 | D:1      | Reached XP level 2. HP: 28/29 MP: 1/1
   301 | D:1      | Reached skill level 3 in Maces & Flails
   828 | D:2      | Reached XP level 3. HP: 26/36 MP: 2/2
   864 | D:2      | Found a stormy altar of Qazlal.
   864 | D:2      | Found a burning altar of Makhleb.
  1012 | D:2      | Found a basalt altar of Yredelemnul.
  1235 | D:2      | Found a sacrificial altar of Ru.
  1578 | D:3      | Found a glowing golden altar of the Shining One.
  1593 | D:3      | Noticed Terence
  1600 | D:3      | Killed Terence
  1601 | D:3      | Reached XP level 4. HP: 45/45 MP: 3/3
  1630 | D:2      | Reached skill level 4 in Maces & Flails
  1781 | D:3      | Reached XP level 5. HP: 53/53 MP: 4/4
  1843 | D:3      | Found an iron altar of Okawaru.
  1856 | D:3      | Reached ** piety under Trog
  2128 | D:3      | Found a bloodstained altar of Trog.
  2168 | D:3      | Found a snail-covered altar of Cheibriados.
  2292 | D:4      | Noticed a lemure
  2292 | D:4      | Noticed a lemure
  2292 | D:4      | Noticed an ogre
  2304 | D:4      | Noticed Sigmund
  2348 | D:4      | Noticed Ijyb
  2365 | D:3      | Gained mutation: You are frail. (-10% HP) [potion of
                  | mutation]
  2365 | D:3      | Gained mutation: You tend to lose your temper in combat.
                  | [potion of mutation]
  2365 | D:3      | Gained mutation: You are somewhat resistant to further
                  | mutation. [potion of mutation]
  2376 | D:3      | Mangled by Ijyb

Illustrated notes

Levels and vault maps discovered:
D:1:      heliophobic_arrival_glass_houses, layout_basic, due_unseen_surprise
D:2:      layout_basic, lemuel_coloured_pillars_altar,
          nicolae_overflow_crystal_walls, gammafunk_temple_overflow_wave,
          moated_statue
D:3:      corexii_shack_village, layout_rooms, kennysheep_slug_shrine,
          lightli_temple_of_fire, old_standard_altar, overflow_temple_1_default,
          kennysheep_big_empty_room, chequers_jeans, uniq_terence
D:4:      layout_basic, minmay_temple_entry_nine_rooms, uniq_pikel, uniq_ijyb,
          uniq_sigmund

Skill      XL: |  1  2  3  4 |
---------------+-------------+-----
Maces & Flails | 3 4 |  4.4
Fighting       | 3 |  3.2
Dodging        | 3 |  3.4
Stealth        | |  0.1

Action                   |  1- 3 |  4- 6 || total
-------------------------+-------+-------++-------
Melee: Mace              |   122 |    73 ||   195
Invok: Berserk           |     2 |     2 ||     4
       Trog's Hand       |       |     1 ||     1
  Use: Potion            |       |     7 ||     7
       Scroll            |       |     2 ||     2
Armor: Animal skin       |    63 |    32 ||    95
Dodge: Dodged            |    73 |    56 ||   129

Table legend: (Time is in decaauts)
 A = Elapsed time spent in this place.
 B = Non-inter-level travel time spent in this place.
 C = Inter-level travel time spent in this place.
 D = Time resting spent in this place.
 E = Time spent auto-exploring this place.
 F = Levels seen in this place.
 G = Mean time per level.
                   A        B        C        D        E       F      G
               +--------+--------+--------+--------+--------+-----+--------+
         Total |   2452 |   2329 |    123 |    181 |   1656 |   4 |  613.0 |
       Dungeon |   2452 |   2329 |    123 |    181 |   1656 |   4 |  613.0 |
               +--------+--------+--------+--------+--------+-----+--------+

Top non-repeatable levels by time:
     D:2: 1008 daAuts
     D:3: 723 daAuts
     D:1: 697 daAuts
     D:4: 22 daAuts
